 Dungeon Crawl Stone Soup version 0.24.0-123-gd5b16e6ec5 (webtiles) character file.

Game seed: 17905635346680608906, levelgen mode: deterministic

502 Delamore the Cleaver (level 7, 0/57 HPs)
             Began as a Hill Orc Fighter on Dec 25, 2019.
             Killed by divine providence
             ... invoked by an orc priest
              (16 damage)
             ... on level 4 of the Dungeon.
             The game lasted 00:02:40 (2720 turns).

Delamore the Cleaver (Hill Orc Fighter)             Turns: 2720, Time: 00:02:41

Health: 0/57       AC:  6    Str: 23    XL:     7   Next: 17%
Magic:  7/7        EV:  7    Int:  8    God:
Gold:   258        SH:  9    Dex: 10    Spells: 6/6 levels left

rFire    . . .     SeeInvis .   a - +0 war axe
rCold    . . .     Gourm    .   c - +0 shield
rNeg     . . .     Faith    .   b - +0 scale mail
rPois    .         Spirit   .   (no helmet)
rElec    .         Reflect  .   (no cloak)
rCorr    .         Harm     .   (no gloves)
MR       .....                  (no boots)
Stlth    ..........             q - amulet of regeneration
HPRegen  0.59/turn              m - +2 ring of strength
MPRegen  0.10/turn              (no ring)

@: no status effects
A: no striking features
a: Convert to Beogh


You were on level 4 of the Dungeon.
You were not hungry.

You visited 1 branch of the dungeon, and saw 4 of its levels.

You collected 258 gold pieces.

Inventory:

Hand Weapons
 a - a +0 war axe (weapon)
Missiles
 j - 5 datura-tipped darts (quivered)
 p - 6 atropa-tipped darts
Armour
 b - a +0 scale mail (worn)
 c - a +0 shield (worn)
Jewellery
 m - a +2 ring of strength (left hand)
 q - an amulet of regeneration (around neck)
Scrolls
 e - 2 scrolls of teleportation {unknown}
 i - a scroll of noise {unknown}
 l - 2 scrolls of magic mapping {unknown}
 n - 6 scrolls of identify {unknown}
 r - 4 scrolls of fog {unknown}
 s - a scroll of fear {unknown}
Potions
 d - a potion of might
 g - a potion of experience {unknown}
 h - a potion of resistance {unknown}
 k - a potion of lignification {unknown}
 o - 3 potions of curing {unknown}
 t - a potion of agility {unknown}
 u - a potion of heal wounds {unknown}
 v - 3 potions of degeneration {unknown}
 w - 2 potions of berserk rage {unknown}
 x - a potion of haste {unknown}
 A - a potion of mutation {unknown}
Comestibles
 f - 7 rations
 z - 9 chunks of flesh


   Skills:
 - Level 3.6 Fighting
 + Level 9.9 Axes
 - Level 3.2 Armour
 - Level 3.2 Shields


You had 6 spell levels left.
You didn't know any spells.
Your spell library contained the following spells:

 Spells                   Type           Power        Failure   Level  Hunger
 Summon Small Mammal      Summ           #...         99%         1    ##.....
 Call Imp                 Summ           #.......     100%        2    ###....
 Call Canine Familiar     Summ           #.......     100%        3    ####...
 Summon Guardian Golem    Hex/Summ       #.......     100%        3    ####...
 Summon Ice Beast         Ice/Summ       #.......     100%        4    #####..
 Summon Lightning Spire   Summ/Air       #.......     100%        4    #####..


Dungeon Overview and Level Annotations

Branches:
Dungeon (4/15)
 Temple: D:4-7

Altars:


Message History

You slash the orc priest!
The orc priest is almost dead.
Your shield and scale mail prevent you from hitting the hound.
You closely miss something. You block the hound's attack.
The orc priest hits you with a +0 hand axe.
Something hits you but does no damage. The hound barely misses you.
You closely miss the orc priest.
The orc priest is almost dead.
You miss something. You barely miss the hound. The hound bites you.
* * * LOW HITPOINT WARNING * * *
You block the orc priest's attack. Something hits you but does no damage.
You closely miss the orc priest.
The orc priest is almost dead.
Your shield and scale mail prevent you from hitting the hound.
You hit something.
The orc priest shouts, "Surrender to Beogh and we'll let you live!"
You block the hound's attack.
The orc priest calls down the wrath of Beogh upon you.
Beogh smites you!
You die...

. ..#.......# ..
..##(.....#
#......# ...
#.>....# #.[....##
... ###....#
#.......#
.###....###.......#
.......!..#........
....#+#...#........
..........#h.......
...........@o......
###.......{))......
#................
##..............#
#...............
#.......########
#.......# #.......#


You could see a hound and an orc priest.

Vanquished Creatures
  An ogre (D:4)
  4 orc priests
  A hound (D:4)
  An orc wizard (D:3)
  A worker ant (D:4)
  2 hound skeletons (D:4)
  6 adders
  7 oozes
  A worm (D:2)
  3 dart slugs
  A leopard gecko (D:2)
  8 orcs
  4 giant cockroaches
  12 hobgoblins
  14 jackals
  6 kobolds
  2 ball pythons
  3 bats
  4 frilled lizards (D:2)
  12 goblins
  4 rats (D:2)
97 creatures vanquished.

Notes
Turn   | Place    | Note
-------+----------+-------------------------------------------
     0 | D:1      | Delamore the Hill Orc Fighter began the quest for the Orb.
     0 | D:1      | Reached XP level 1. HP: 19/19 MP: 1/1
   157 | D:1      | Reached skill level 3 in Axes
   176 | D:1      | Reached XP level 2. HP: 15/26 MP: 2/2
   240 | D:1      | Reached skill level 4 in Axes
   359 | D:1      | Reached XP level 3. HP: 15/31 MP: 3/3
   813 | D:2      | Reached skill level 5 in Axes
   937 | D:2      | Reached XP level 4. HP: 21/39 MP: 4/4
  1212 | D:2      | Reached skill level 6 in Axes
  1826 | D:3      | Reached XP level 5. HP: 45/45 MP: 5/5
  2054 | D:3      | Reached skill level 7 in Axes
  2125 | D:3      | Reached skill level 8 in Axes
  2125 | D:3      | Reached XP level 6. HP: 48/51 MP: 6/6
  2580 | D:4      | Reached skill level 9 in Axes
  2636 | D:4      | Reached XP level 7. HP: 52/57 MP: 7/7
  2720 | D:4      | Killed from afar by an orc priest

Levels and vault maps discovered:
D:1:      dpeg_arrival_circle_labyrinth_b, layout_basic, minmay_pentomino_z2
D:2:      layout_basic, hangedman_decor_slide_cut, grunt_ministairs_4,
          minmay_tiny_reverse_x
D:3:      layout_basic, first_ration, minivault_27, grunt_decor_arrowhead
D:4:      layout_basic

Skill      XL: |  1  2  3  4  5  6 |
---------------+-------------------+-----
Axes           | 3 4 5 6 8 9 |  9.9
Fighting       | |  3.6
Armour         | |  3.2
Shields        | |  3.2

Action                   |  1- 3 |  4- 6 |  7- 9 || total
-------------------------+-------+-------+-------++-------
Melee: War axe           |    88 |   177 |    12 ||   277
  Eat: Chunk             |       |     6 |       ||     6
Armor: Scale mail        |    44 |    80 |    12 ||   136
Dodge: Dodged            |    31 |    55 |     3 ||    89
Block: Shield            |    56 |    84 |    12 ||   152
